AoeStats
← [PSCH] R!ce

Nomad

509652574Analyzed
3v3 RM · 5d ago on Sep 27, 2026· 48m 18s· 6 players
Game mode
Random Map
Map size
210×210
Population
200
Speed
Normal
Resources
Standard
Victory
Conquest
Starting age
Dark Age
Ending age
Imperial Age
RankedLock teamsTeams togetherTeam positionsShared explorationLock speedFull tech treeHidden civsTurbo modeCheats
Victory
Defeat
🇨🇭 Bengalis · Switzerland
1476
+17
🇨🇭 Huns · Switzerland
1424
+19
🇨🇭 Saracens · Switzerland
1419
+19
🇬🇧 Khitans · United Kingdom
1539
-21
🇬🇧 Inca · United Kingdom
1492
-18
🇲🇼 Sicilians · Malawi
1444
-16
[PSCH] R!ce
5:21 Loom
12:54 Feudal Age
13:23 Double-Bit Axe
22:00 Castle Age
22:53 Medium Warships
23:16 Bow Saw
33:41 Wheelbarrow
37:26 Imperial Age
35:08 Horse Collar
36:06 Scale Barding Armor
36:11 Forging
37:54 Chain Barding Armor
39:03 Fletching
39:48 Iron Casting
39:30 Bloodlines
39:43 Elite Mameluke
42:48 Plate Barding Armor
42:18 Husbandry
43:53 Blast Furnace
48:45 Counterweights
[PSCH] Reh
3:10 Loom
12:49 Feudal Age
17:48 Castle Age
15:56 Fishing Lines
22:55 Gold Mining
22:54 Double-Bit Axe
23:10 Horse Collar
27:34 Wheelbarrow
28:06 Heavy Plow
28:34 Scale Barding Armor
28:31 Padded Archer Armor
29:58 Bow Saw
31:56 Leather Archer Armor
32:02 Bloodlines
34:37 Gold Shaft Mining
34:57 Ballistics
35:42 Wheelbarrow
34:53 Town Watch
39:52 Imperial Age
37:59 Hand Cart
38:00 Husbandry
38:05 Fletching
39:53 Scale Barding Armor
40:23 Devotion
41:00 Conscription
41:30 Ring Archer Armor
40:48 Elite Ratha (Ranged)
43:23 Town Patrol
44:21 Chain Barding Armor
48:15 Crop Rotation
ChnebelSchnägg
4:49 Loom
12:53 Feudal Age
14:36 Double-Bit Axe
15:10 Fletching
17:03 Gold Mining
19:51 Castle Age
20:57 Wheelbarrow
20:41 Padded Archer Armor
21:02 Thumb Ring
22:04 Bodkin Arrow
23:42 Town Watch
28:05 Horse Collar
33:40 Imperial Age
33:08 Hand Cart
33:09 Leather Archer Armor
34:47 Bracer
36:18 Scale Barding Armor
36:24 Forging
37:21 Chain Barding Armor
37:54 Marauders
38:08 Heavy Plow
39:16 Gold Shaft Mining
39:23 Conscription
39:21 Bloodlines
39:44 Husbandry
40:21 Plate Barding Armor
40:22 Iron Casting
44:29 Bow Saw
44:25 Elite Tarkan
46:37 Blast Furnace
Tommerd
5:14 Loom
13:28 Feudal Age
17:18 Castle Age
18:17 Medium Warships
27:25 Imperial Age
28:13 Fletching
34:03 Bodkin Arrow
37:07 Scale Mail Armor
37:38 Fishing Lines
38:56 Chain Mail Armor
39:15 Squires
39:00 Arson
41:20 Wheelbarrow
40:30 Town Watch
42:09 Plate Mail Armor
41:34 Arson
43:54 First Crusade
44:09 Forging
46:11 Iron Casting
Bomas
8:16 Loom
13:01 Feudal Age
17:30 Castle Age
16:10 Double-Bit Axe
19:30 Horse Collar
20:06 Bow Saw
24:07 Scale Mail Armor
24:51 Gold Mining
27:21 Sanctity
31:28 Redemption
34:40 Ballistics
36:54 Horse Collar
38:02 Wheelbarrow
40:52 Imperial Age
40:37 Hand Cart
41:53 Chain Mail Armor
41:03 Heavy Scorpion
42:03 Siege Engineers
CD播放机
5:45 Loom
13:49 Feudal Age
18:40 Castle Age
16:31 Double-Bit Axe
18:08 Domestication
20:33 Wheelbarrow
20:53 Bow Saw
20:51 Pastoralism
24:09 Hand Cart
24:25 Town Watch
30:09 Ballistics
35:00 Gold Mining
39:24 Imperial Age
37:59 Fletching
38:39 Scale Barding Armor
38:44 Forging
41:08 Chemistry
42:38 Conscription
42:26 Ordo Cavalry
43:56 Husbandry
43:16 Heavy Camel Rider
44:18 Chain Barding Armor
44:09 Forging
47:07 Plate Barding Armor
Connection lost

Rejoining the realm…

Still unreachable

The connection could not be restored.

Session expired

The server has moved on; the page needs a fresh start.